 Dungeon Crawl Stone Soup version 0.20.0-4-g10b340a (webtiles) character file.

1975522 Jynri the Conqueror (level 27, 273/273 HPs)
             Began as a Minotaur Fighter on May 27, 2017.
             Was a High Priest of Okawaru.
             Escaped with the Orb
             ... and 3 runes on May 28, 2017!
             The game lasted 04:39:10 (53217 turns).

Jynri the Conqueror (Minotaur Fighter)             Turns: 53217, Time: 04:39:11

Health: 273/273    AC: 50    Str: 37    XL:     27
Magic:  32/32      EV: 18    Int: 18    God:    Okawaru [*****.]
Gold:   4904       SH: 42    Dex: 18    Spells: 26/26 levels left

rFire    + . .     SeeInvis .   a - +8 broad axe of Oblurakh {chop, rN+ Int+7}
rCold    + . .     Gourm    .   R - +8 large shield of Narcissism {MR+ Int+4}
rNeg     + + +     Faith    .   S - +11 gold dragon scales
rPois    +         Spirit   .   (helmet restricted)
rElec    +         Reflect  +   w - +4 dragonskin cloak
rCorr    +         Harm     .   L - +2 pair of gloves
MR       +++..                  e - +0 pair of boots of the Crypt {Str+6}
Stlth    ..........             Y - +5 amulet of reflection
Regen    0.6/turn               x - ring "Qaupt" {rCorr rF+}
MPRegen  0.3/turn               F - ring "Ike Jebinoa" {rPois rF- rN+ Dex+5 Slay+3}

@: flying, hasted, very quick
A: retaliatory headbutt, horns 2, talons 2, blink, blurry vision 1, clever 1
0: Orb of Zot
}: 3/15 runes: serpentine, barnacled, silver
a: Blink, Heroism, Finesse, Renounce Religion


You escaped.
You worshipped Okawaru.
Okawaru was extremely pleased with you.
You were not hungry.

You visited 9 branches of the dungeon, and saw 47 of its levels.
You also visited: Ice Cave.

You collected 6686 gold pieces.
You spent 1782 gold pieces at shops.

Inventory:

Hand Weapons
 a - the +8 broad axe of Oblurakh (weapon) {chop, rN+ Int+7}
   (You found it on level 6 of the Lair of Beasts)

   It inflicts extra damage upon your enemies.
   It affects your intelligence (+7).
   It protects you from negative energy.
 b - the +8 broad axe "Ifigun" {holy, rPois}
   (Okawaru gifted it to you on level 2 of the Depths)

   It has been blessed by the Shining One to cause great damage to the undead
   and demons.
   It protects you from poison.
Missiles
 O - 10 throwing nets {=f, !d}
Armour
 e - the +0 pair of boots of the Crypt (worn) {Str+6}
   (Okawaru gifted it to you on level 13 of the Dungeon)

   It affects your strength (+6).
 w - the +4 dragonskin cloak (worn)
   (You took it off Tiamat on level 2 of the Realm of Zot)
 I - the -4 pair of gloves of the Cockroach {rF+ rC+ Str+4 Dex-4, unknown}
   (Okawaru gifted it to you on level 5 of the Realm of Zot)

   It affects your strength (+4).
   It affects your dexterity (-4).
   It protects you from fire.
   It protects you from cold.
 L - a +2 pair of gloves (worn)
   (You found it on level 4 of the Depths)
 R - the +8 large shield of Narcissism (worn) {MR+ Int+4}
   (Okawaru gifted it to you on level 3 of the Lair of Beasts)

   It affects your intelligence (+4).
   It affects your resistance to hostile enchantments.
 S - +11 gold dragon scales (worn)
   (You found it on level 3 of the Depths)
 T - a +1 hat of magic resistance
   (You took it off Gastronok on level 11 of the Dungeon)
Jewellery
 q - an uncursed ring of protection from fire {rF+, !d}
   (You took it off a frost giant on level 3 of the Depths)
 x - the ring "Qaupt" (left hand) {rCorr rF+}
   (You found it on level 1 of the Depths)

   [ring of resist corrosion]

   It protects you from fire.
 F - the ring "Ike Jebinoa" (right hand) {rPois rF- rN+ Dex+5 Slay+3}
   (You found it on level 4 of the Dungeon)

   [ring of dexterity]

   It affects your dexterity (+5).
   It affects your accuracy and damage with ranged weapons and melee attacks
   (+3).
   It makes you vulnerable to fire.
   It protects you from poison.
   It protects you from negative energy.
 N - an uncursed ring of protection from cold {rC+, !d}
   (You found it on level 1 of the Vaults)
 Y - a +5 amulet of reflection (around neck)
   (You found it on level 5 of the Depths)
Wands
 J - a wand of digging (9/24)
   (You found it on level 6 of the Dungeon)
 U - a wand of acid (4/15)
   (You found it on level 1 of the Lair of Beasts)
Scrolls
 l - 8 scrolls of fog
 o - 17 scrolls of identify
 r - 3 scrolls of magic mapping {!r}
 u - 10 scrolls of teleportation
 v - a scroll of acquirement {unknown}
 y - 7 scrolls of fear
 B - 11 scrolls of recharging
 D - 2 scrolls of silence
 E - 11 scrolls of enchant weapon
 M - 2 scrolls of summoning
 X - 2 scrolls of brand weapon
Potions
 d - 9 potions of lignification {!q}
 g - 5 potions of heal wounds
 i - 3 potions of flight
 j - a potion of berserk rage {!q}
 k - 7 potions of cancellation
 n - 3 potions of mutation {!q}
 s - 22 potions of curing
 z - a potion of resistance
 H - 2 potions of ambrosia
 K - 3 potions of invisibility
 P - 4 potions of agility
 Q - 8 potions of might
 W - a potion of haste
Miscellaneous
 c - a fan of gales
   (You found it on level 5 of the Vaults)
 p - a phantom mirror
 t - a phial of floods
   (You found it on level 2 of the Depths)
 G - a box of beasts
 V - a fan of gales
   (You found it on level 13 of the Dungeon)
 Z - a lightning rod (4/4)
   (You found it on level 12 of the Dungeon)
Comestibles
 f - 25 bread rations {@e1}
 m - 17 fruits
 A - 23 meat rations {@e2}
 C - 22 royal jellies


   Skills:
 O Level 27 Fighting
 - Level 24.8 Axes
 O Level 27 Armour
 * Level 14.3 Dodging
 - Level 25.0 Shields
 - Level 8.0 Invocations
 + Level 13.9 Evocations


You had 26 spell levels left.
You didn't know any spells.

Dungeon Overview and Level Annotations

Branches:
Dungeon (15/15)            Temple (1/1) D:4            Lair (6/6) D:11
 Shoals (4/4) Lair:3        Snake (4/4) Lair:4        Slime (0/5) Lair:5
    Orc (2/2) D:10            Elf (0/3) Orc:2        Vaults (5/5) D:13
  Crypt (0/3) Vaults:2     Depths (5/5) D:15            Zot (5/5) Depths:5

Altars:
Ashenzari
Cheibriados
Dithmenos
Elyvilon
Fedhas
Gozag
Hepliaklqana
Kikubaaqudgha
Makhleb
Nemelex Xobeh
Okawaru
Qazlal
Ru
Sif Muna
Trog
Uskayaw
Vehumet
Xom
Yredelemnul
Zin
The Shining One
Beogh
Jiyva
Lugonu

Shops:
D:6 [***:   D:11 !   Orc:1 :   Orc:2 ?:(*   Vaults:1 ?   Vaults:2 :
Vaults:3 %(?(!   Vaults:5 :[![   Zot:2 *

Portals:
Hell: Depths:1 Depths:2 Depths:3 Depths:4 Depths:5
Abyss: Depths:4 Depths:5
Pandemonium: Depths:2 Depths:3
Ziggurat: Depths:5
Trove: D:11 (give 2 scrolls of acquirement)

Annotations:
D:8 2 transporters
Lair:2 exclusion: oklob plant


Innate Abilities, Weirdness & Mutations

You reflexively headbutt those who attack you in melee.
You have a pair of horns on your head.
You have razor-sharp toenails.
You can translocate small distances at will.
Scrolls take you a little longer to read.
Your mind is acute. (Int +2)


Message History

You regained 7 hp, and now have 250/273 hp.
(D) Dungeon (T) Temple (L) Lair (A) Shoals (P) Snake Pit (M) Slime Pits (O) Orcish Mines (E) Elven Halls (V) Vaults (C) Crypt (U) Depths (H) Hell (Z) Zot
Where to? (Enter - D:9 @ (x,y), ? - help)
What level of the Dungeon? (default 1, ? - help)
A crimson imp is nearby!
Unknown command.
You slice the crimson imp!!
You kill the crimson imp!
Okawaru accepts your kill.
No target in view!
No target in view!
There is a stone staircase leading up here.
You climb upwards.
Level annotation: 2 transporters
There is a stone staircase leading down here.
(D) Dungeon (T) Temple (L) Lair (A) Shoals (P) Snake Pit (M) Slime Pits (O) Orcish Mines (E) Elven Halls (V) Vaults (C) Crypt (U) Depths (H) Hell (Z) Zot
Where to? (Enter - D:1, ? - help)
What level of the Dungeon? (default 1, ? - help)
There is a stone staircase leading up here.
You climb upwards.
There is a stone staircase leading down here.
There is a stone staircase leading up here.
You climb upwards.
There is a stone staircase leading down here.
There is an entrance to Adghu's Book Boutique here.
A Brimstone Fiend comes into view.
Health restored: 273
There is a stone staircase leading up here.
You climb upwards.
There is a stone staircase leading down here.
(D) Dungeon (T) Temple (L) Lair (A) Shoals (P) Snake Pit (M) Slime Pits (O) Orcish Mines (E) Elven Halls (V) Vaults (C) Crypt (U) Depths (H) Hell (Z) Zot
Where to? (Enter - D:1, ? - help)
What level of the Dungeon? (default 1, ? - help)
A cherub comes into view. It is wielding a falchion of flaming.
A cherub is nearby!
A seraph comes into view.
It is wielding a great sword of flaming.
The seraph shouts!
The seraph gestures.
The seraph begins to accept its allies' injuries.
You feel yourself speed up.
The seraph gestures.
The daeva dissolves into sparkling lights!
The cherub dissolves into sparkling lights!
The cherub sings a powerful hymn!
The seraph shouts a warning to its allies!
An iguana comes into view.
The iguana hisses angrily.
The angel shouts!
The cherub completely misses you. You furiously retaliate!
You headbutt the cherub, but do no damage.
You block the cherub's attack.
The cherub sings a powerful hymn!
The angels go into a battle-frenzy!
You block the cherub's attack. The cherub barely misses you.
The cherub unwields an uncursed falchion of flaming.
It stops flaming.
The cherub wields a longbow.
The cherub shoots an arrow.
You reflect the arrow off an invisible shield around you!
The arrow hits the cherub!
You open the door.
There is an open door here.
The angel no longer looks unusually strong.
There is an open door here.
You block the angel's attack. x2
There is a stone staircase leading up here.
You block the angel's attack. x2
You climb upwards.
There is a stone staircase leading down here.
Your extra speed is starting to run out.
There is a stone staircase leading up here.
You climb upwards.
There is a stone staircase leading down here.
You feel yourself slow down.
You see here a club.
You see here a war axe.
There is a stone staircase leading up here.
You climb upwards.
There is a stone staircase leading down here.
An ufetubus comes into view.
The ufetubus shouts!
There is a stone staircase leading up here.
You climb upwards.
There is a stone staircase leading down here.
You feel very buoyant.
You fly up into the air.
Okay, then.
You eat one of the 26 bread rations {@e1}.
That bread ration really hit the spot!
You feel yourself speed up.
Unknown command.
There is an open door here.
There is a staircase leading out of the dungeon here.
You have escaped!

....≈≈≈≈≈≈≈≈≈≈≈≈≈≈≈≈≈..##..# #.#
#....≈≈≈≈≈≈≈≈≈≈≈≈≈≈≈≈≈..#..# #..
#.....≈≈≈≈≈≈≈≈≈≈≈≈≈≈≈≈≈.#..######
'.[..≈≈≈≈≈≈≈≈≈≈≈≈≈≈≈≈≈≈.)........
#.....≈≈≈≈≈≈≈≈≈≈≈≈≈≈≈≈≈≈.........
#......≈≈≈≈≈≈≈#####≈≈≈≈≈...######
≈≈........≈≈≈##...##≈≈≈≈...#
≈≈≈≈.........#.....#≈≈≈≈≈..#
≈≈[≈≈........'..@..#≈≈≈≈≈..#
≈≈≈≈≈....≈≈..#.....#≈≈≈≈≈..#
≈≈≈≈≈...≈≈≈≈≈##...##≈≈≈≈...#####
≈≈≈≈.....≈≈≈≈≈#####≈≈≈≈≈.......#
≈≈≈≈...≈≈≈≈≈≈≈≈≈≈≈≈≈≈≈≈≈.......#
≈≈≈##'##≈≈≈≈≈≈≈≈≈≈≈≈≈≈≈........##
≈≈##...##≈≈≈≈≈≈≈≈≈≈≈≈≈≈......÷...
≈≈#.....#≈≈≈≈≈≈≈≈≈≈≈≈≈≈..........
≈≈#.....#≈≈≈≈≈≈≈≈≈≈≈≈≈..>#.......


There were no monsters in sight!

Vanquished Creatures
  3 ancient liches
  6 orbs of fire
  Tiamat (Zot:2)
  A juggernaut (Depths:4)
  Mara (Vaults:3)
  Mennas (Vaults:3)
  Boris (Vaults:3)
  Margery (Depths:4)
  Saint Roka (Depths:4)
  Xtahua (Vaults:4)
  5 Killer Klowns (Zot:5)
  14 golden dragons
  3 curse toes
  A profane servitor (Depths:5)
  7 liches
  Jorgrun (Depths:5)
  3 electric golems
  15 tentacled monstrosities
  A Hell Sentinel (D:15)
  25 Orb Guardians (Zot:5)
  4 titans
  14 death cobs
  2 krakens (Shoals:2)
  Polyphemus (Shoals:4)
  Gastronok (D:11)
  5 quicksilver dragons
  5 sphinxes
  6 draconian monks
  6 tengu reavers
  11 shadow dragons
  25 storm dragons
  Kirke (D:12)
  Roxanne (D:14)
  Donald (Snake:1)
  14 frost giants
  8 nagarajas
  Ilsuiw (Shoals:4)
  5 draconian knights
  3 draconian scorchers (Zot:3)
  5 deep elf sorcerers
  9 fire giants
  4 ghost moths
  The ghost of krigyl the Bludgeoner, an adept GrFi of Qazlal (Snake:2)
  10 draconian shifters
  An iron dragon (Depths:4)
  A balrug (Depths:1)
  10 vault wardens
  13 draconian annihilators
  A ghoul (Vaults:1)
  A deep elf elementalist (Depths:3)
  19 very ugly things
  10 draconian stormcallers
  A war gargoyle (Vaults:5)
  28 stone giants
  16 ironheart preservers
  7 vampire knights
  2 entropy weavers
  2 deep elf demonologists
  15 green draconians
  A deep elf annihilator (Vaults:5)
  13 purple draconians
  10 black draconians
  5 yellow draconians
  23 red draconians
  5 spark wasps
  11 white draconians
  A blizzard demon (Depths:1)
  5 merfolk javelineers (Shoals:4)
  2 crystal guardians
  17 ettins
  3 deep elf death magi
  4 merfolk impalers
  A quicksilver dragon zombie (Depths:2)
  18 yaktaur captains
  A deep elf high priest (Depths:5)
  21 ogre magi
  10 fire dragons
  Harold (D:12)
  Erolcha (D:13)
  17 ice dragons
  29 vault guards
  13 great orbs of eyes
  16 naga warriors
  7 rakshasas
  An alligator snapping turtle (Shoals:4)
  5 catoblepae
  2 spriggan air magi (Depths:4)
  10 hydras
  8 anacondas
  71 two-headed ogres
  7 merfolk aquamancers
  Erica (Orc:1)
  4 merfolk avatars
  2 satyrs (Shoals:4)
  15 centaur warriors
  2 dancing weapons (Vaults:5)
  A vampire mage (Depths:1)
  10 deep troll earth magi
  4 death knights
  8 death yaks
  10 tengu warriors
  A satyr (shapeshifter) (Vaults:5)
  An orc high priest (Orc:2)
  9 deep troll shamans
  3 spriggan berserkers
  Urug (D:13)
  3 shock serpents
  3 sun demons (Depths:1)
  2 deep elf knights
  18 naga sharpshooters
  3 iron trolls
  3 shadow wraiths
  22 deep trolls
  8 skeletal warriors
  2 flayed ghosts
  A glowing orange brain (shapeshifter) (Vaults:5)
  2 salamander mystics
  4 unseen horrors
  16 hell knights
  A swamp dragon (shapeshifter) (Depths:3)
  3 necromancers
  9 glowing orange brains
  16 sea snakes
  11 phantasmal warriors
  19 ironbrand convokers
  8 naga ritualists
  27 harpies
  A golden dragon skeleton (Depths:2)
  5 wizards
  4 deep elf archers
  A wolf spider zombie (D:12)
  8 mana vipers
  11 orc knights
  A mana viper (shapeshifter) (Depths:3)
  A stone giant zombie (Depths:2)
  3 orc sorcerers
  41 ugly things
  A cyclops (shapeshifter) (Vaults:5)
  14 salamanders
  6 cyclopes
  10 deep elf magi
  A wolf spider (shapeshifter) (Vaults:5)
  13 manticores
  A moth of wrath (shapeshifter) (Vaults:2)
  3 wolf spiders
  An ice statue (IceCv)
  35 moths of wrath
  2 elephants (shapeshifter)
  A centaur zombie (D:15)
  11 fauns
  20 elephants
  Joseph (D:8)
  27 vault sentinels
  33 black mambas
  A frost giant skeleton (Depths:2)
  10 water nymphs
  12 merfolk sirens
  Maurice (D:9)
  A guardian serpent (shapeshifter) (D:13)
  2 rust devils (Depths:2)
  16 eyes of devastation (Depths:2)
  2 guardian serpents
  A smoke demon (Depths:1)
  27 naga magi
  4 gargoyles
  4 kobold demonologists
  4 centaur skeletons
  16 spiny frogs
  An orange demon (Depths:5)
  38 yaktaurs
  A rime drake (Lair:3)
  An efreet (D:13)
  4 anaconda simulacra (IceCv)
  7 ice devils
  A komodo dragon (shapeshifter) (Vaults:5)
  2 yaktaurs (shapeshifter)
  2 tengu conjurers
  9 komodo dragons
  A polar bear (shapeshifter) (Vaults:1)
  4 trolls
  8 freezing wraiths
  A wolf spider simulacrum (IceCv)
  8 large abominations (Depths:4)
  4 wind drakes
  20 merfolk
  3 hornets
  6 snapping turtles
  Prince Ribbit (D:5)
  19 blink frogs
  A frost giant simulacrum (Depths:2)
  4 dream sheep
  17 hippogriffs
  13 slime creatures
  7 water elementals
  2 vampires
  A redback (Vaults:5)
  A spriggan (shapeshifter) (Vaults:5)
  3 wyverns
  A redback (shapeshifter) (Depths:4)
  65 yaks
  4 wraiths
  Eustachio (D:6)
  4 dire elephant simulacra (IceCv)
  2 basilisks
  2 golden eyes (shapeshifter)
  2 golden eyes (Depths:2)
  A hog (D:12)
  3 chaos spawn (Depths:4)
  A basilisk (shapeshifter) (Vaults:4)
  A hungry ghost (D:7)
  45 nagas
  2 steam dragons
  2 harpy simulacra (IceCv)
  A death yak simulacrum (IceCv)
  6 wargs
  A soldier ant (shapeshifter) (Vaults:4)
  Edmund (D:6)
  A swamp worm (shapeshifter) (Vaults:4)
  11 water moccasins
  An iron troll simulacrum (IceCv)
  3 soldier ants
  6 acid dragons
  3 floating eyes (Depths:3)
  5 porcupines
  6 sky beasts
  40 orc warriors
  6 ice beasts
  2 black bears
  3 phantoms
  4 boggarts
  An eye of draining (D:15)
  22 centaurs
  63 ogres
  14 wolves
  2 ettin simulacra (IceCv)
  12 crocodiles
  5 big kobolds
  2 gnoll sergeants
  29 bullfrogs
  A human skeleton (Vaults:3)
  6 scorpions
  3 small abominations (Depths:4)
  A wyvern skeleton (D:13)
  A water moccasin skeleton (D:9)
  13 killer bees
  5 wights (D:11)
  6 electric eels
  6 howler monkeys
  15 crimson imps
  3 bullfrog zombies (D:4)
  18 jellies
  3 draconian simulacra (IceCv)
  10 hounds
  32 orc wizards
  19 orc priests
  3 bullfrog skeletons
  3 iguanas
  Jessica (D:3)
  7 hell rats (Lair:6)
  4 worker ants
  A spriggan simulacrum (IceCv)
  3 troll simulacra (IceCv)
  A polar bear simulacrum (IceCv)
  A centaur simulacrum (IceCv)
  A hound skeleton (D:6)
  A howler monkey zombie (D:8)
  2 worker ant zombies (D:4)
  11 gnolls
  3 ogre simulacra (IceCv)
  15 adders
  5 naga simulacra (IceCv)
  4 river rats (Lair:4)
  A shadow imp (D:5)
  11 white imps
  8 ufetubi (IceCv)
  10 oozes
  4 adder zombies
  6 adder skeletons
  4 worms
  4 leopard geckos
  113 orcs
  2 ball pythons
  3 bats
  8 giant cockroaches
  15 goblins
  10 hobgoblins
  7 jackals
  3 quokkas
  7 frilled lizards
  14 kobolds
  A leopard gecko skeleton (D:8)
  A quokka skeleton (D:4)
  A quokka zombie (D:4)
  8 rats
  A bush (Lair:6)
  12 fungi
  10 plants
  8 tentacles (Shoals:2)
2367 creatures vanquished.

Vanquished Creatures (others)
  A titan (Vaults:5)
  A fire giant (Vaults:5)
  A stone giant (Vaults:5)
  2 purple draconians
  A yaktaur captain (Vaults:5)
  A deep troll (Depths:4)
  A scorpion (D:12)
  2 ufetubi (IceCv)
  A quokka (D:14)
  17 fungi
  40 plants
  10 tentacles (Shoals:2)
78 creatures vanquished.

Grand Total: 2445 creatures vanquished

Notes
Turn   | Place    | Note
-------+----------+-------------------------------------------
     0 | D:1      | Jynri the Minotaur Fighter began the quest for the Orb.
     0 | D:1      | Reached XP level 1. HP: 19/19 MP: 0/0
   194 | D:1      | Reached XP level 2. HP: 25/27 MP: 1/1
   298 | D:1      | Reached skill level 4 in Armour
   457 | D:1      | Reached skill level 4 in Fighting
   593 | D:1      | Reached skill level 3 in Axes
   593 | D:1      | Reached XP level 3. HP: 33/33 MP: 2/2
   699 | D:2      | Found a stormy altar of Qazlal.
   700 | D:2      | Noticed a water elemental
   702 | D:2      | Noticed an air elemental
   702 | D:2      | Noticed an earth elemental
   702 | D:2      | Noticed a fire elemental
  1038 | D:2      | Reached skill level 4 in Shields
  1064 | D:2      | Reached XP level 4. HP: 39/40 MP: 3/3
  1275 | D:3      | Noticed Jessica
  1287 | D:3      | Killed Jessica
  1287 | D:3      | Reached skill level 4 in Axes
  1598 | D:3      | Found a radiant altar of Vehumet.
  1630 | D:3      | Reached XP level 5. HP: 46/46 MP: 4/4
  1903 | D:3      | Noticed an ogre
  1909 | D:3      | Killed an ogre
  1909 | D:3      | Reached skill level 5 in Axes
  1909 | D:3      | Reached skill level 5 in Armour
  1909 | D:3      | Reached XP level 6. HP: 40/55 MP: 5/5
  2111 | D:3      | Reached skill level 5 in Fighting
  2111 | D:3      | Reached skill level 5 in Shields
  2427 | D:4      | Reached skill level 6 in Axes
  2427 | D:4      | Reached XP level 7. HP: 55/61 MP: 6/6
  2505 | D:4      | Got a coiled steel ring
  2643 | D:4      | Identified the ring "Ike Jebinoa" {rPois rF- rN+ Dex+5 Slay+3} (You found it on level 4 of the Dungeon)
  2850 | D:4      | Reached skill level 6 in Armour
  3063 | D:4      | Found a staircase to the Ecumenical Temple.
  3077 | Temple   | Entered the Ecumenical Temple
  3313 | D:5      | Entered Level 5 of the Dungeon
  3391 | D:5      | HP: 15/62 [orc priest/divine providence (12)]
  3394 | D:5      | Reached skill level 7 in Axes
  3394 | D:5      | Reached skill level 6 in Shields
  3684 | D:5      | Reached XP level 8. HP: 47/70 MP: 7/7
  3788 | D:5      | Found a basalt altar of Yredelemnul.
  3840 | D:5      | Reached skill level 6 in Fighting
  3982 | D:5      | Reached skill level 8 in Axes
  4436 | D:6      | Found Jaudgh's Assorted Antiques.
  4466 | D:6      | Found Jowutos's Assorted Antiques.
  4503 | D:6      | Found a snail-covered altar of Cheibriados.
  4507 | D:6      | Found Hafesal's Assorted Antiques.
  4515 | D:6      | Bought a polished war axe for 238 gold pieces
  4520 | D:6      | Identified the +9 war axe of Ypifokam {freeze, rC+} (You bought it in a shop on level 6 of the Dungeon)
  4565 | D:6      | Found Adghu's Book Boutique.
  4729 | D:6      | Found a shadowy altar of Dithmenos.
  4791 | D:6      | Reached skill level 7 in Armour
  4798 | D:6      | Found an iron altar of Okawaru.
  4803 | D:6      | Became a worshipper of Warmaster Okawaru
  4870 | D:6      | Noticed Edmund
  4876 | D:6      | Killed Edmund
  4900 | D:6      | Noticed Eustachio
  4913 | D:6      | Killed Eustachio
  4913 | D:6      | Reached skill level 9 in Axes
  4961 | D:6      | Found Siluicai's Antique Armour Shop.
  5063 | D:6      | Reached skill level 7 in Fighting
  5063 | D:6      | Reached skill level 7 in Shields
  5283 | D:6      | Noticed Prince Ribbit
  5336 | D:5      | Killed Prince Ribbit
  5336 | D:5      | Reached * piety under Okawaru
  5336 | D:5      | Reached XP level 9. HP: 76/79 MP: 8/8
  5618 | D:7      | Reached skill level 10 in Axes
  5624 | D:7      | Reached skill level 1 in Invocations
  5664 | D:7      | Reached skill level 8 in Armour
  5666 | D:7      | Reached ** piety under Okawaru
  5836 | D:7      | Found a glowing silver altar of Zin.
  6174 | D:7      | Reached skill level 8 in Fighting
  6174 | D:7      | Reached skill level 11 in Axes
  6174 | D:7      | Reached skill level 2 in Invocations
  6251 | D:8      | Noticed a two-headed ogre
  6259 | D:8      | HP: 17/81 [two-headed ogre/giant spiked club (14)]
  6260 | D:8      | HP: 3/81 [two-headed ogre/giant spiked club (14)]
  6262 | D:8      | Killed a two-headed ogre
  6262 | D:8      | Reached skill level 8 in Shields
  6262 | D:8      | Reached XP level 10. HP: 4/89 MP: 7/10
  6639 | D:8      | Noticed a deep troll
  6688 | D:8      | Found a shimmering altar of Xom.
  6689 | D:8      | Found a sparkling altar of Nemelex Xobeh.
  6690 | D:8      | Found a hide-covered altar of Uskayaw.
  6691 | D:8      | Found a burning altar of Makhleb.
  6692 | D:8      | Found a deep blue altar of Sif Muna.
  6835 | D:8      | Noticed a two-headed ogre
  6842 | D:8      | Killed a two-headed ogre
  6842 | D:8      | Reached *** piety under Okawaru
  6842 | D:8      | Reached skill level 3 in Invocations
  7063 | D:8      | Noticed Joseph
  7071 | D:8      | Killed Joseph
  7071 | D:8      | Reached skill level 9 in Armour
  7387 | D:9      | Reached skill level 12 in Axes
  7417 | D:9      | Found a sacrificial altar of Ru.
  7445 | D:9      | Noticed Maurice
  7463 | D:9      | Killed Maurice
  7463 | D:9      | Reached skill level 9 in Fighting
  7500 | D:9      | Reached **** piety under Okawaru
  7670 | D:9      | Reached skill level 9 in Shields
  7670 | D:9      | Reached skill level 4 in Invocations
  8226 | D:9      | Reached XP level 11. HP: 97/97 MP: 13/13
  8337 | D:10     | Entered Level 10 of the Dungeon
  8375 | D:10     | Got a spiked chain mail
  8955 | D:10     | Reached skill level 10 in Armour
  8960 | D:10     | Reached skill level 13 in Axes
  9118 | D:10     | Found a staircase to the Orcish Mines.
  9190 | D:11     | Noticed Gastronok
  9336 | D:11     | Found a staircase to the Lair.
  9355 | D:11     | Found a portal to a secret trove of treasure.
  9423 | D:11     | Reached skill level 5 in Invocations
  9506 | D:11     | Noticed a two-headed ogre
  9538 | D:11     | Reached ***** piety under Okawaru
  9556 | D:11     | Killed a two-headed ogre
  9556 | D:11     | Reached skill level 10 in Fighting
  9578 | D:11     | Found Guppasme's Distillery.
  9720 | Lair:1   | Entered Level 1 of the Lair of Beasts
  9949 | Lair:1   | Reached skill level 10 in Shields
  9955 | Lair:1   | Received a gift from Okawaru
 10186 | Lair:1   | Reached XP level 12. HP: 67/107 MP: 15/15
 10213 | Lair:1   | Reached skill level 14 in Axes
 10397 | Lair:1   | Noticed a five-headed hydra
 10408 | Lair:1   | Killed a five-headed hydra
 10408 | Lair:1   | Reached skill level 6 in Invocations
 11110 | Lair:2   | Reached skill level 11 in Armour
 11373 | Lair:2   | Reached skill level 11 in Fighting
 11982 | Lair:3   | Received a gift from Okawaru
 11991 | Lair:3   | Got a brightly glowing large shield {god gift}
 12013 | Lair:3   | Identified the +8 large shield of Narcissism {MR+ Int+4} (Okawaru gifted it to you on level 3 of the Lair of Beasts)
 12269 | Lair:3   | Reached skill level 15 in Axes
 12411 | Lair:3   | Found a staircase to the Shoals.
 12799 | Lair:4   | Noticed a five-headed hydra
 12805 | Lair:4   | Killed a five-headed hydra
 12805 | Lair:4   | Reached skill level 11 in Shields
 12805 | Lair:4   | Reached skill level 7 in Invocations
 13371 | Lair:4   | Reached XP level 13. HP: 117/117 MP: 17/17
 13498 | Lair:4   | Found a staircase to the Snake Pit.
 13921 | Lair:5   | Found a viscous altar of Jiyva.
 13921 | Lair:5   | Found a staircase to the Slime Pits.
 13949 | Lair:5   | Received a gift from Okawaru
 14011 | Lair:5   | Reached skill level 12 in Armour
 14077 | Lair:5   | Reached skill level 12 in Fighting
 14156 | Lair:5   | Reached skill level 16 in Axes
 14494 | Lair:5   | Reached skill level 8 in Invocations
 14800 | Lair:6   | Entered Level 6 of the Lair of Beasts
 14827 | Lair:6   | Reached skill level 12 in Shields
 14840 | Lair:6   | Received a gift from Okawaru
 14860 | Lair:6   | Got a bloodstained plate armour {god gift}
 14871 | Lair:6   | Identified the +5 plate armour of Hedge Wizardry {rElec rC+ Int+3} (Okawaru gifted it to you on level 6 of the Lair of Beasts)
 15046 | Lair:6   | Reached ****** piety under Okawaru
 15194 | Lair:6   | Reached XP level 14. HP: 127/127 MP: 19/19
 15220 | Lair:6   | Reached skill level 17 in Axes
 15345 | Lair:6   | Reached skill level 13 in Fighting
 15396 | Lair:6   | Got an ebony short sword
 15400 | Lair:6   | Got a jewelled broad axe
 15402 | Lair:6   | Identified the +8 broad axe of Oblurakh {chop, rN+ Int+7} (You found it on level 6 of the Lair of Beasts)
 15554 | Lair:6   | Reached skill level 13 in Armour
 15599 | Lair:6   | Found a sparkling altar of Nemelex Xobeh.
 15894 | Lair:6   | Received a gift from Okawaru
 16222 | D:11     | Killed Gastronok
 16222 | D:11     | Reached skill level 13 in Shields
 16225 | D:11     | Likado: ??horns
 16225 | D:11     | beem: horns[1/1]: Could you headbutt before? No. But now you can. Lv 1 allows hats only, Lv 3 blocks all headgear. Also makes your headbutts hurt more. Bigger horns, bigger pain.
 16225 | D:11     | Likado: ??hat
 16225 | D:11     | beem: hat[1/1]: A hat at +0 does not boost AC, but can be enchanted. Note that a +0 hat is better than nothing against acid attacks. Characters with horns/antennae 1/2 can wear hats. Possible brands: 3/8 MR, 1/4 SInv, 1/4 Int+3, 1/8 spirit shield.
 16655 | D:12     | Noticed Harold
 16662 | D:12     | Killed Harold
 17037 | D:12     | Noticed Kirke
 17045 | D:12     | Killed Kirke
 17045 | D:12     | Received a gift from Okawaru
 17045 | D:12     | Reached skill level 18 in Axes
 17344 | D:6      | Bought a scroll of identify for 48 gold pieces
 17344 | D:6      | Bought a potion of heal wounds for 120 gold pieces
 17399 | D:6      | Bought a scroll of identify for 56 gold pieces
 17425 | D:6      | Bought a scroll of identify for 50 gold pieces
 17425 | D:6      | Bought a scroll of identify for 50 gold pieces
 17956 | D:13     | Noticed a frost giant
 17962 | D:13     | Reached XP level 15. HP: 137/137 MP: 17/20
 17971 | D:13     | Killed a frost giant
 18010 | D:13     | Reached skill level 14 in Armour
 18053 | D:13     | Reached skill level 14 in Fighting
 18091 | D:13     | Got an ivory arbalest
 18243 | D:13     | Noticed Urug
 18246 | D:13     | Noticed Erolcha
 18264 | D:13     | Killed Urug
 18264 | D:13     | Received a gift from Okawaru
 18267 | D:13     | Killed Erolcha
 18293 | D:13     | Got a pair of ancient boots {god gift}
 18299 | D:13     | Identified the +0 pair of boots of the Crypt {Str+6} (Okawaru gifted it to you on level 13 of the Dungeon)
 18383 | D:13     | Found a gate to the Vaults.
 18385 | D:13     | Reached skill level 14 in Shields
 18666 | D:14     | Found a white marble altar of Elyvilon.
 18687 | D:14     | Reached skill level 19 in Axes
 18911 | D:14     | Noticed Roxanne
 18927 | D:14     | Killed Roxanne
 19286 | D:15     | Entered Level 15 of the Dungeon
 19476 | D:15     | Found a staircase to the Depths.
 19695 | D:15     | Received a gift from Okawaru
 19976 | D:15     | Found a roughly hewn altar of Beogh.
 20130 | D:15     | Reached skill level 15 in Armour
 20987 | Orc:1    | Entered Level 1 of the Orcish Mines
 20998 | Orc:1    | Reached XP level 16. HP: 138/147 MP: 18/21
 21119 | Orc:2    | Entered Level 2 of the Orcish Mines
 21259 | Orc:2    | Found a staircase to the Elven Halls.
 21461 | Orc:2    | Reached skill level 15 in Fighting
 21467 | Orc:2    | Reached skill level 20 in Axes
 21475 | Orc:2    | Received a gift from Okawaru
 21476 | Orc:2    | Reached skill level 15 in Shields
 21513 | Orc:2    | Found Daploare's Book Shop.
 21513 | Orc:2    | Found Saux's Magic Scroll Emporium.
 21514 | Orc:2    | Found Bizaw's General Store.
 21514 | Orc:2    | Found Tiuthroh's Weapon Shop.
 21525 | Orc:2    | Bought a scroll of identify for 24 gold pieces
 21525 | Orc:2    | Bought a scroll of identify for 24 gold pieces
 21525 | Orc:2    | Bought a scroll of identify for 24 gold pieces
 21525 | Orc:2    | Bought a scroll of identify for 24 gold pieces
 21792 | Orc:1    | Found a roughly hewn altar of Beogh.
 21887 | Orc:1    | Noticed Erica
 21896 | Orc:1    | Killed Erica
 21974 | Orc:1    | Found Pikkena's Book Shoppe.
 22228 | Snake:1  | Entered Level 1 of the Snake Pit
 22258 | Snake:1  | Likado: rF+ rPois
 22300 | Snake:1  | Noticed Donald
 22311 | Snake:1  | Killed Donald
 22314 | Snake:1  | Got a jewelled shield
 22453 | Snake:1  | Got a shimmering leather armour
 22567 | Snake:1  | Received a gift from Okawaru
 22568 | Snake:1  | Found a frozen archway.
 22671 | IceCv    | Entered an ice cave
 23342 | IceCv    | Noticed an Ice Fiend
 23874 | Snake:1  | Reached skill level 21 in Axes
 24011 | Snake:2  | Noticed krigyl's ghost (adept GrFi)
 24073 | Snake:2  | Killed krigyl's ghost
 24073 | Snake:2  | Received a gift from Okawaru
 24268 | Snake:2  | Reached skill level 16 in Armour
 24308 | Snake:2  | Reached XP level 17. HP: 152/158 MP: 22/22
 24491 | Snake:3  | Reached skill level 16 in Fighting
 24686 | Snake:3  | Found a hide-covered altar of Uskayaw.
 24800 | Snake:3  | Reached skill level 16 in Shields
 24962 | Snake:4  | Entered Level 4 of the Snake Pit
 25121 | Snake:4  | Received a gift from Okawaru
 25688 | Snake:4  | Reached skill level 22 in Axes
 25738 | Snake:4  | HP: 9/160 [nagaraja/orb of energy (47)]
 25743 | Snake:3  | HP: 24/160 [poisoned by a nagaraja (bolt of poison)]
 25748 | Snake:3  | HP: 25/160 [poisoned by a nagaraja (bolt of poison)]
 25754 | Snake:3  | HP: 27/160 [poisoned by a nagaraja (bolt of poison)]
 25762 | Snake:3  | HP: 31/160 [poisoned by a nagaraja (bolt of poison)]
 25770 | Snake:3  | HP: 35/160 [poisoned by a nagaraja (bolt of poison)]
 26029 | Snake:4  | Received a gift from Okawaru
 26499 | Snake:4  | Reached XP level 18. HP: 167/168 MP: 21/23
 26686 | Snake:4  | Reached skill level 17 in Armour
 26729 | Snake:4  | Got a serpentine rune of Zot
 27035 | Shoals:1 | Entered Level 1 of the Shoals
 27105 | Shoals:1 | Reached skill level 17 in Fighting
 27389 | Shoals:1 | Reached skill level 17 in Shields
 27948 | Shoals:2 | Received a gift from Okawaru
 28009 | Shoals:2 | Reached skill level 23 in Axes
 29430 | Shoals:4 | Entered Level 4 of the Shoals
 29761 | Shoals:4 | Noticed Ilsuiw
 29791 | Shoals:4 | Received a gift from Okawaru
 29800 | Shoals:4 | Noticed Polyphemus
 29816 | Shoals:4 | Killed Polyphemus
 29828 | Shoals:4 | Reached XP level 19. HP: 135/178 MP: 20/24
 29866 | Shoals:4 | Killed Ilsuiw
 29981 | Shoals:4 | Reached skill level 18 in Armour
 30117 | Shoals:4 | Got a flickering bone ring
 30119 | Shoals:4 | Identified the cursed ring "Kitar" {rN+ AC-6 Str+2} (You found it on level 4 of the Shoals)
 30259 | Shoals:4 | Got a barnacled rune of Zot
 30841 | Vaults:1 | Entered Level 1 of the Vaults
 31024 | Vaults:1 | Reached skill level 18 in Fighting
 31134 | Vaults:1 | Found Leemish's Magic Scroll Boutique.
 31275 | Vaults:1 | Reached skill level 24 in Axes
 31391 | Vaults:1 | Received a gift from Okawaru
 31433 | Vaults:1 | Reached skill level 18 in Shields
 32310 | Vaults:2 | Found Inuam's Book Shoppe.
 32672 | Vaults:2 | Received a gift from Okawaru
 32887 | Vaults:2 | Reached XP level 20. HP: 189/189 MP: 17/25
 32980 | Vaults:2 | Found a staircase to the Crypt.
 32980 | Vaults:2 | Found an ancient bone altar of Kikubaaqudgha.
 32982 | Vaults:2 | Found a basalt altar of Yredelemnul.
 33347 | Vaults:3 | Noticed Mara
 33505 | Vaults:3 | Found Rygrud's Weapon Emporium.
 33523 | Vaults:3 | Got a heavily runed chain mail
 33675 | Vaults:3 | Received a gift from Okawaru
 33675 | Vaults:3 | Reached skill level 19 in Armour
 33683 | Vaults:3 | Reached skill level 19 in Fighting
 33684 | Vaults:3 | Got an ancient scale mail {god gift}
 33772 | Vaults:3 | Noticed Mennas
 33801 | Vaults:3 | Killed Mennas
 33942 | Vaults:3 | Found Ofreozxe's Antique Weapon Shop.
 33956 | Vaults:3 | Found Iceingan's Distillery.
 33964 | Vaults:3 | Bought a potion of might for 88 gold pieces
 33964 | Vaults:3 | Bought a potion of heal wounds for 110 gold pieces
 33964 | Vaults:3 | Bought 2 potions of haste for 440 gold pieces
 33964 | Vaults:3 | Bought a potion of heal wounds for 110 gold pieces
 33964 | Vaults:3 | Bought a potion of heal wounds for 110 gold pieces
 34001 | Vaults:3 | Killed Mara
 34014 | Vaults:3 | Found Bysch's Magic Scroll Emporium.
 34062 | Vaults:3 | Noticed Boris
 34074 | Vaults:3 | Killed Boris
 34258 | Vaults:3 | Reached skill level 19 in Shields
 34293 | Vaults:3 | Found Ovy Uwal's Food Shoppe.
 34436 | Vaults:4 | Noticed Xtahua
 34444 | Vaults:4 | Killed Xtahua
 34444 | Vaults:4 | Reached skill level 20 in Fighting
 34708 | Vaults:4 | Received a gift from Okawaru
 35111 | Vaults:4 | Reached XP level 21. HP: 202/202 MP: 26/26
 35253 | Vaults:4 | HP: 36/203 [frost giant/bolt of cold (49)]
 35663 | Vaults:4 | Received a gift from Okawaru
 35670 | Vaults:4 | Reached skill level 20 in Armour
 36017 | Depths:1 | Entered Level 1 of the Depths
 36032 | Depths:1 | Reached skill level 21 in Fighting
 36217 | Depths:1 | Found a gateway to Hell.
 36238 | Depths:1 | You fall through a shaft!
 36573 | Depths:1 | Got an ancient platinum ring
 36575 | Depths:1 | Identified the ring "Qaupt" {rCorr rF+} (You found it on level 1 of the Depths)
 36648 | Depths:1 | Received a gift from Okawaru
 36835 | Depths:1 | Reached skill level 20 in Shields
 36986 | Depths:1 | Identified the Almanac of the Birds and Clay
 37025 | Depths:1 | You fall through a shaft!
 37473 | Depths:2 | Reached skill level 22 in Fighting
 37710 | Depths:2 | Received a gift from Okawaru
 37963 | Depths:2 | Reached XP level 22. HP: 216/216 MP: 27/27
 38002 | Depths:2 | Received a gift from Okawaru
 38007 | Depths:2 | Got a brightly glowing broad axe {god gift}
 38043 | Depths:2 | Identified the +8 broad axe "Ifigun" {holy, rPois} (Okawaru gifted it to you on level 2 of the Depths)
 38166 | Depths:2 | Found a one-way gate leading to the halls of Pandemonium.
 38240 | Depths:2 | Reached skill level 21 in Armour
 38383 | Depths:2 | Got a jewelled dagger
 38838 | Depths:3 | Paralysed by a floating eye for 4 turns
 39059 | Depths:3 | Found a stormy altar of Qazlal.
 39060 | Depths:3 | Found a glowing silver altar of Zin.
 39060 | Depths:3 | Found a glowing silver altar of Zin.
 39110 | Depths:3 | Reached skill level 23 in Fighting
 39192 | Depths:3 | Noticed a golden dragon
 39198 | Depths:3 | Killed a golden dragon
 39269 | Depths:3 | Noticed a golden dragon
 39270 | Depths:3 | Reached skill level 21 in Shields
 39278 | Depths:3 | Killed a golden dragon
 39339 | Depths:3 | Received a gift from Okawaru
 39460 | Depths:3 | Got a brightly glowing marble ring
 39462 | Depths:3 | Identified the ring "Atirch" {Int+10 Dex+2} (You took it off a frost giant on level 3 of the Depths)
 39668 | Depths:3 | Noticed a golden dragon
 39670 | Depths:3 | Received a gift from Okawaru
 39677 | Depths:3 | Killed a golden dragon
 39760 | Depths:3 | Got an ebony long sword
 39802 | Depths:3 | Reached skill level 24 in Fighting
 39929 | Depths:4 | Reached XP level 23. HP: 229/229 MP: 26/28
 39971 | Depths:4 | Noticed Saint Roka
 40003 | Depths:4 | Killed Saint Roka
 40005 | Depths:4 | Thaddeus: !subscribe
 40005 | Depths:4 | beem: Subscribed. I will now watch all games of user Thaddeus
 40206 | Depths:4 | Received a gift from Okawaru
 40211 | Depths:4 | Reached skill level 22 in Armour
 40215 | Depths:4 | Noticed a juggernaut
 40227 | Depths:4 | Killed a juggernaut
 40237 | Depths:4 | Noticed an ancient lich
 40243 | Depths:4 | Killed an ancient lich
 40256 | Depths:4 | Received a gift from Okawaru
 40672 | Depths:4 | Found a one-way gate to the infinite horrors of the Abyss.
 40883 | Depths:4 | Reached skill level 22 in Shields
 41069 | Depths:5 | Entered Level 5 of the Depths
 41087 | Depths:5 | Noticed Jorgrun
 41101 | Depths:5 | Killed Jorgrun
 41128 | Depths:5 | Reached skill level 25 in Fighting
 41222 | Depths:5 | Found a gate to the Realm of Zot.
 41224 | Depths:5 | Noticed Margery
 41615 | Depths:4 | Killed Margery
 41740 | Depths:5 | Found a gateway to a ziggurat.
 41764 | Depths:5 | Received a gift from Okawaru
 42079 | Depths:5 | Got a scorched falchion
 42172 | Depths:5 | Found a corrupted altar of Lugonu.
 42593 | Vaults:5 | Entered Level 5 of the Vaults
 42601 | Vaults:4 | Reached XP level 24. HP: 243/243 MP: 26/28
 42721 | Vaults:4 | Received a gift from Okawaru
 42737 | Vaults:4 | Got a scorched war axe {god gift}
 42777 | Vaults:5 | Reached skill level 26 in Fighting
 42777 | Vaults:5 | Reached skill level 23 in Armour
 42949 | Vaults:5 | Got a silver rune of Zot
 43146 | Vaults:5 | Received a gift from Okawaru
 43147 | Vaults:5 | Reached skill level 23 in Shields
 43225 | Vaults:5 | Got a scorched scale mail {god gift}
 43266 | Vaults:5 | Found Satur's Distillery.
 43275 | Vaults:5 | Paralysed by a floating eye for 4 turns
 43332 | Vaults:5 | HP: 33/247 [titan/bolt of lightning (33)]
 43854 | Vaults:5 | Found Qicixumn's Antique Armour Shoppe.
 43855 | Vaults:5 | Found Harah's Book Shoppe.
 43884 | Vaults:5 | Bought a potion of heal wounds for 70 gold pieces
 43884 | Vaults:5 | Bought a potion of haste for 140 gold pieces
 43884 | Vaults:5 | Bought a potion of agility for 56 gold pieces
 43887 | Vaults:5 | Found Nias's Antique Armour Shoppe.
 43936 | Vaults:5 | Reached skill level 27 in Fighting
 44312 | Vaults:5 | Reached XP level 25. HP: 257/257 MP: 28/28
 44436 | Vaults:5 | Reached skill level 24 in Armour
 44943 | Zot:1    | Entered Level 1 of the Realm of Zot
 45032 | Zot:1    | Reached skill level 24 in Shields
 45332 | Zot:1    | Received a gift from Okawaru
 45360 | Zot:1    | Noticed an orb of fire
 45363 | Zot:1    | Gained mutation: You are frail. (-10% HP) [an orb of fire]
 45379 | Zot:1    | Killed an orb of fire
 45675 | Zot:1    | You fall through a shaft!
 45753 | Zot:2    | Found Rany's Changing Room.
 45758 | Zot:2    | Received a gift from Okawaru
 45811 | Zot:2    | Reached skill level 25 in Armour
 45892 | Zot:2    | Reached skill level 25 in Shields
 46523 | Zot:1    | Received a gift from Okawaru
 46524 | Zot:1    | Reached skill level 1 in Evocations
 46567 | Zot:1    | Reached skill level 2 in Evocations
 47100 | Zot:2    | Reached XP level 26. HP: 209/239 MP: 28/28
 47173 | Zot:2    | Reached skill level 26 in Armour
 47178 | Zot:2    | Reached skill level 3 in Evocations
 47820 | Zot:2    | Noticed Tiamat
 47829 | Zot:2    | Reached skill level 4 in Evocations
 48074 | Zot:2    | Killed Tiamat
 48074 | Zot:2    | Reached skill level 5 in Evocations
 48621 | Zot:3    | Received a gift from Okawaru
 48721 | Zot:3    | Reached skill level 6 in Evocations
 48722 | Zot:3    | Reached skill level 27 in Armour
 48930 | Zot:3    | Reached skill level 7 in Evocations
 49090 | Zot:3    | Reached skill level 8 in Evocations
 49353 | Zot:4    | Reached skill level 9 in Evocations
 49669 | Zot:4    | Reached skill level 10 in Evocations
 49674 | Zot:4    | Noticed an orb of fire
 49689 | Zot:4    | Gained mutation: Your muscles are strong. (Str +2) [an orb of fire]
 49691 | Zot:4    | Killed an orb of fire
 49719 | Zot:4    | HP: 57/239 [??? (35)]
 49724 | Zot:4    | HP: 56/239 [??? (28)]
 50196 | Zot:4    | Reached skill level 11 in Evocations
 50314 | Zot:4    | Reached skill level 1 in Dodging
 50538 | Zot:4    | Reached skill level 2 in Dodging
 50540 | Zot:4    | Received a gift from Okawaru
 50545 | Zot:4    | Reached skill level 3 in Dodging
 50550 | Zot:4    | Reached skill level 4 in Dodging
 50550 | Zot:4    | Reached XP level 27. HP: 211/245 MP: 9/30
 50936 | Zot:5    | Entered Level 5 of the Realm of Zot
 50943 | Zot:5    | Reached skill level 5 in Dodging
 51201 | Zot:5    | Reached skill level 6 in Dodging
 51344 | Zot:5    | Reached skill level 12 in Evocations
 51439 | Zot:5    | Reached skill level 7 in Dodging
 51489 | Zot:5    | Noticed an orb of fire
 51493 | Zot:5    | Gained mutation: You tend to lose your temper in combat. [an orb of fire]
 51502 | Zot:5    | Gained mutation: You expend magic power (3 MP) to strengthen your wands. [an orb of fire]
 51507 | Zot:5    | Gained mutation: Scrolls take you a little longer to read. [an orb of fire]
 51521 | Zot:5    | Killed an orb of fire
 51678 | Zot:5    | Lost mutation: You tend to lose your temper in combat. [potion of mutation]
 51678 | Zot:5    | Lost mutation: Scrolls take you a little longer to read. [potion of mutation]
 51678 | Zot:5    | Lost mutation: You are frail. (-10% HP) [potion of mutation]
 51678 | Zot:5    | Lost mutation: You expend magic power (3 MP) to strengthen your wands. [potion of mutation]
 51678 | Zot:5    | Lost mutation: Your muscles are strong. (Str +2) [potion of mutation]
 51678 | Zot:5    | Gained mutation: You have sharp toenails. [potion of mutation]
 51692 | Zot:5    | Reached skill level 8 in Dodging
 51716 | Zot:5    | Noticed an ancient lich
 51730 | Zot:5    | Killed an ancient lich
 51890 | Zot:5    | Reached skill level 9 in Dodging
 51918 | Zot:5    | Noticed an orb of fire
 51926 | Zot:5    | Gained mutation: Scrolls take you a little longer to read. [an orb of fire]
 51931 | Zot:5    | Killed an orb of fire
 51933 | Zot:5    | Noticed an ancient lich
 51957 | Zot:5    | Reached skill level 10 in Dodging
 51966 | Zot:5    | Killed an ancient lich
 52062 | Zot:5    | Received a gift from Okawaru
 52089 | Zot:5    | Reached skill level 11 in Dodging
 52095 | Zot:5    | Noticed an orb of fire
 52103 | Zot:5    | Gained mutation: You are occasionally teleported next to monsters. [an orb of fire]
 52106 | Zot:5    | Reached skill level 13 in Evocations
 52110 | Zot:5    | Killed an orb of fire
 52110 | Zot:5    | Received a gift from Okawaru
 52175 | Zot:5    | Reached skill level 12 in Dodging
 52255 | Zot:5    | Noticed an orb of fire
 52255 | Zot:5    | Gained mutation: You are clumsy. (Dex -2) [an orb of fire]
 52255 | Zot:5    | Gained mutation: You have a pair of large horns on your head. [an orb of fire]
 52258 | Zot:5    | Gained mutation: You are frail. (-10% HP) [an orb of fire]
 52260 | Zot:5    | Gained mutation: You are sometimes teleported next to monsters. [an orb of fire]
 52263 | Zot:5    | Gained mutation: Your body sometimes deteriorates upon taking damage. [an orb of fire]
 52265 | Zot:5    | Killed an orb of fire
 52272 | Zot:5    | Got a pair of faintly humming gloves {god gift}
 52273 | Zot:5    | Lost mutation: You are sometimes teleported next to monsters. [potion of mutation]
 52273 | Zot:5    | Lost mutation: Your body sometimes deteriorates upon taking damage. [potion of mutation]
 52273 | Zot:5    | Lost mutation: You are frail. (-10% HP) [potion of mutation]
 52273 | Zot:5    | Gained mutation: You evolve. [potion of mutation]
 52273 | Zot:5    | Gained mutation: You can translocate small distances at will. [potion of mutation]
 52273 | Zot:5    | Gained mutation: Your mind is acute. (Int +2) [potion of mutation]
 52274 | Zot:5    | Lost mutation: You have a pair of large horns on your head. [potion of mutation]
 52274 | Zot:5    | Lost mutation: Your mind is acute. (Int +2) [potion of mutation]
 52274 | Zot:5    | Lost mutation: You are clumsy. (Dex -2) [potion of mutation]
 52274 | Zot:5    | Lost mutation: Scrolls take you a little longer to read. [potion of mutation]
 52274 | Zot:5    | Lost mutation: You are occasionally teleported next to monsters. [potion of mutation]
 52274 | Zot:5    | Lost mutation: You evolve. [potion of mutation]
 52274 | Zot:5    | Gained mutation: Scrolls take you a little longer to read. [potion of mutation]
 52274 | Zot:5    | Gained mutation: You have razor-sharp toenails. [potion of mutation]
 52274 | Zot:5    | Gained mutation: Your mind is acute. (Int +2) [potion of mutation]
 52364 | Zot:5    | Reached skill level 13 in Dodging
 52504 | Zot:5    | Got the Orb of Zot
 52549 | Zot:4    | Noticed Sicihapio the pandemonium lord
 52561 | Zot:3    | Reached skill level 14 in Dodging
 52833 | Depths:1 | Noticed Fimoj the pandemonium lord
 53100 | D:5      | Noticed a seraph
 53217 | D:$      | Escaped with the Orb!

Skill      XL: |  1  2  3  4  5  6  7  8  9 10 11 12 13 14 15 16 17 18 19 20 21 22 23 24 25 26 27 |
---------------+----------------------------------------------------------------------------------+-----
Armour         | 4 5 6 7 8 9 10 11 12 13 15 16 17 18 19 20 21 22 23 25 27 | 27.0
Fighting       | 4 5 7 8 9 10 11 12 13 14 15 16 17 18 20 22 24 25 27 | 27.0
Axes           | 3 4 5 6 7 9 11 12 13 15 16 18 19 21 22 23 24 | 24.8
Shields        | 4 5 6 7 8 9 10 11 12 13 14 15 16 17 18 19 20 21 22 23 25 | 25.0
Invocations    | 2 4 5 7 8 |  8.0
Evocations     | 2 11 13 | 13.9
Dodging        | 4 14 | 14.3

Action                   |  1- 3 |  4- 6 |  7- 9 | 10-12 | 13-15 | 16-18 | 19-21 | 22-24 | 25-27 || total
-------------------------+-------+-------+-------+-------+-------+-------+-------+-------+-------++-------
Melee: War axe           |    82 |   143 |   222 |   445 |   238 |       |       |       |       ||  1130
       Headbutt          |     9 |    23 |    42 |   115 |   266 |   330 |   369 |   398 |   433 ||  1985
       Morningstar       |       |       |       |    10 |    51 |       |       |       |       ||    61
       Broad axe         |       |       |       |       |   514 |  1153 |  1132 |  1062 |  1220 ||  5081
       Unarmed           |       |       |       |       |     8 |       |       |       |       ||     8
Invok: Heroism           |       |       |     2 |     9 |    22 |    39 |    43 |    42 |    55 ||   212
       Finesse           |       |       |       |       |     2 |     9 |     9 |     5 |    21 ||    46
Evoke: Wand              |       |       |     3 |     1 |     6 |     6 |       |       |     3 ||    19
       Lightning rod     |       |       |       |       |     4 |       |       |       |       ||     4
  Use: Scroll            |       |     5 |     6 |    11 |    17 |     6 |     4 |    18 |     7 ||    74
       Potion            |       |       |     3 |       |     1 |     2 |     3 |     9 |    13 ||    31
 Stab: Distracted        |       |       |       |       |       |       |       |     1 |       ||     1
  Eat: Chunk             |     1 |     4 |    12 |    20 |    23 |    19 |    25 |    12 |    17 ||   133
       Fruit             |       |       |     2 |     3 |     2 |    12 |     3 |    10 |     3 ||    35
       Bread ration      |       |       |       |       |       |       |       |       |     3 ||     3
Armor: Scale mail        |    37 |    17 |       |       |       |       |       |       |       ||    54
       Chain mail        |       |    29 |    82 |    16 |       |       |       |       |       ||   127
       Plate armour      |       |       |       |   109 |   201 |   296 |   205 |    29 |       ||   840
       Fire dragon scale |       |       |       |       |       |       |    43 |       |       ||    43
       Gold dragon scale |       |       |       |       |       |       |       |   225 |   291 ||   516
Dodge: Dodged            |    30 |    29 |    67 |    73 |    65 |   135 |   100 |   108 |   162 ||   769
Block: Shield            |    44 |    62 |   125 |   219 |       |       |       |       |       ||   450
       Large shield      |       |       |       |   102 |   803 |  1679 |  1152 |  1237 |  1238 ||  6211
       Reflection        |       |       |       |       |       |       |       |    28 |    24 ||    52

Vault maps used:
D:1:      minmay_arrival_shoal_huts
D:2:      nicolae_qazlal_style_of_elements
D:3:      vehumet_crystals, uniq_jessica
D:4:      corexii_shack_village, minmay_temple_entry_glassed_door,
          serial_undead, serial_undead_d, serial_undead_d, serial_undead_b,
          serial_undead_c, serial_undead_f, serial_undead_e, serial_undead_c,
          serial_undead_c
D:5:      first_bread, yredelemnul_altar_generic
D:6:      kennysheep_six_static_rooms, marbit_many_paths, cheibriados_altar_1,
          nicolae_dithmenos_through_a_glass_darkly, serial_shops, shop,
          shop_statue, shop, nicolae_shop_trees, nicolae_shop_trees,
          grunt_decor_cap, uniq_edmund, uniq_eustachio, uniq_prince_ribbit1
D:7:      nicolae_overflow_crystal_walls
D:8:      gammafunk_temple_overflow_arena, uniq_joseph
D:9:      old_standard_altar, uniq_maurice
D:10:     erik_orc_2
D:11:     grunt_lair_entry_orc_guard_hut, serial_shops, shop, enter_trove_1,
          uniq_gastronok
D:12:     hangedman_ranch, uniq_harold, uniq_kirke
D:13:     evilmike_diamond_1, david_vaults_2, uniq_erolcha, uniq_urug
D:14:     elyvilon_altar_4, kennysheep_generic_room_13, uniq_roxanne
D:15:     grunt_enter_depths_magical_seal, special_room, corexii_corridor_pit
Temple:   pf_slimified_temple
Lair:1:   serial_bayou, serial_bayou_crossing, serial_bayou_lake_a,
          serial_bayou_ford_a, serial_bayou_pond_c, serial_bayou_shore_a,
          beast_lair_carwin_11, serial_bayou_shore_b
Lair:2:   infiniplex_staircase_pool_2, minmay_lair_oklob_chamber,
          grunt_megastairs_3
Lair:3:   minmay_shoals_entry_centaurs, lemuel_fruit_tree
Lair:4:   dummy_snake_entry, pond
Lair:5:   lemuel_slime, slime_altar_1, serial_bayou_shore_b
Lair:6:   evilmike_catoblepas_cave, basic_altar
Shoals:1: cheibrodos_shoals_roost
Shoals:2: yaktaur_hedge
Shoals:4: shoals_end_hangedman, shoal_ilsuiw, uniq_polyphemus
Snake:1:  portal_ice_cave_entry_ugly_swarm, uniq_donald
Snake:2:  grunt_megastairs_2
Snake:3:  basic_altar
Snake:4:  snake_pit, spider_trap, serial_bayou_lagoon_a
Orc:1:    serial_shops, shop, basic_altar, uniq_erica
Orc:2:    st_orc_ogre_mass
Vaults:1: vaults_dpeg_doors, vaults_standard_mumra_lines,
          ontoclasm_vaults_gallery, v_misc_26, nicolae_vaults_ninety_degrees,
          ontoclasm_vaults_ring_square, v_misc_5, vaults_mumra_hexcomb,
          nicolae_vaults_alarming, nicolae_vaults_shelves_hall,
          ontoclasm_vaults_gateway, hangedman_vaults_corner_blocks,
          serial_shops, shop
Vaults:2: dpeg_vaults_monster_box, vaults_room_door_ring, grunt_vaults_swirl,
          minmay_crypt_entry_necro_gods, v_misc_25, v_misc_31, v_pattern_4,
          serial_shops, shop_fountains
Vaults:3: grunt_vaults_hallway_short, nicolae_vaults_big_ls,
          vaults_room_semicircle, vaults_mumra_minichess_inversion,
          grunt_vaults_diagonal, ontoclasm_vaults_ligature,
          nicolae_vaults_three_branches, v_misc_8,
          ontoclasm_vaults_loading_screen, nicolae_vaults_little_squares_3,
          serial_shops, shop, nicolae_shop_stone, shop,
          nicolae_shop_window_shopping, shop, uniq_mennas, uniq_mara, uniq_boris
Vaults:4: vaults_room_boxed, v_misc_33, nicolae_vaults_fighting_squares,
          vaults_room_hallway, v_rooms_4, vaults_mumra_hex, v_misc_29,
          vaults_room_door_ring, v_misc_16, ontoclasm_vaults_hangar, v_misc_18,
          vaults_room_semicircle, uniq_xtahua
Depths:1: nicolae_water_bricks, pf_vacation_house_of_asmodeus,
          kennysheep_big_empty_room, minmay_misc_feat_hallway,
          statue_in_the_mist_lemuel, minmay_fire_ice_demons
Depths:2: minmay_eyes, grunt_hell_entry_dis_old, pan_entry
Depths:3: hangedman_slaughterboxes, hell_entry, pan_entry
Depths:4: hangedman_cross_cluster, minmay_room_of_horrors, hell_entry,
          roderic_serpentine_path, uniq_saint_roka
Depths:5: grunt_crosshair, enter_ziggurat_e, hell_entry,
          abyss_entry_flame_altar, serial_corexii_hall, corexii_hall_statues_u,
          corexii_hall_statues_u, uniq_margery, uniq_jorgrun
Zot:2:    nicolae_transmutations_shop, uniq_tiamat
Zot:4:    grunt_ministairs_1, st_stairs_14, hangedman_zot_gyre
Zot:5:    st_stairs_13, grunt_ministairs_2
IceCv:    ice_cave_caverns_02

Table legend:
 A = Turns spent in this place as a percentage of turns spent in the entire game.
 B = Non-inter-level travel turns spent in this place as a percentage of non-inter-level travel turns spent in the entire game.
 C = Inter-level travel turns spent in this place as a percentage of turns spent in this place.
 D = Turns resting spent in this place as a percentage of non-inter-level travel turns spent in this place.
 E = Turns spent auto-exploring this place as a percentage of non-inter-level travel turns spent in this place.
 F = Non-inter-level travel turns spent in this place divided by the number of levels of this place that you've seen.
                   A       B       C       D       E      F
               +-------+-------+-------+-------+-------+----------------------
         Total | 100.0 | 100.0 |   0.5 |   2.4 |  10.4 | 365.7
       Dungeon |  23.5 |  23.4 |   0.8 |   1.4 |  14.1 | 273.5
        Temple |   0.4 |   0.4 |   0.0 |   0.0 |  10.9 |  64.0
          Lair |   8.2 |   8.2 |   0.6 |   0.7 |  11.6 | 240.7
        Shoals |   9.2 |   9.1 |   0.6 |   2.6 |   8.1 | 401.2
     Snake Pit |   8.5 |   8.5 |   0.3 |   3.7 |  10.0 | 374.5
  Orcish Mines |   1.6 |   1.6 |   2.5 |   0.0 |  21.2 | 139.0
        Vaults |  14.8 |  14.9 |   0.2 |   2.3 |  12.4 | 522.2
        Depths |  15.2 |  15.3 |   0.3 |   2.2 |   8.6 | 536.0
           Zot |  15.4 |  15.4 |   0.3 |   4.1 |   6.8 | 540.2
      Ice Cave |   3.2 |   3.2 |   0.0 |   3.5 |   0.9 | 568.0
               +-------+-------+-------+-------+-------+----------------------

Table legend:
 A = Kills in this place as a percentage of kills in entire the game.
 B = Kills by you in this place as a percentage of kills by you in the entire game.
 C = Kills by friends in this place as a percentage of kills by friends in the entire game.
 D = Other kills in this place as a percentage of other kills in the entire game.
 E = Experience gained in this place as a percentage of experience gained in the entire game.
 F = Experience gained in this place divided by the number of levels of this place that you have seen.
                   A       B       C       D       E      F
               +-------+-------+-------+-------+-------+----------------------
         Total | 100.0 | 100.0 |  -nan | 100.0 | 100.0 | 35265.6
       Dungeon |  23.9 |  24.0 |  -nan |   0.0 |   5.8 | 6525.2
          Lair |   9.7 |   9.7 |  -nan |   0.0 |   3.6 | 10052.5
        Shoals |   6.9 |   6.9 |  -nan |   0.0 |   5.7 | 24084.2
     Snake Pit |   8.3 |   8.4 |  -nan |   0.0 |   6.8 | 28798.2
  Orcish Mines |   3.8 |   3.8 |  -nan |   0.0 |   1.6 | 13157.0
        Vaults |  18.1 |  18.0 |  -nan |  57.1 |  23.1 | 78334.4
        Depths |  16.2 |  16.1 |  -nan |  28.6 |  22.8 | 77238.8
           Zot |  11.0 |  11.0 |  -nan |  14.3 |  30.3 | 102613.0
      Ice Cave |   2.1 |   2.1 |  -nan |   0.0 |   0.3 | 5779.0
               +-------+-------+-------+-------+-------+----------------------
